 Dungeon Crawl Stone Soup version 0.30.1-11-g7821555f0a (webtiles) character file.

Game seed: 16675873087793175760

721 SacredBeard the Grave Robber (level 7, -12/51 HPs)
             Began as a Demonspawn Necromancer on Nov 13, 2023.
             Mangled by Menkaure (15 damage)
             ... on level 5 of the Dungeon.
             The game lasted 00:08:01 (4028 turns).

SacredBeard the Grave Robber (DsNe)                 Turns: 4028, Time: 00:08:03

Health: -12/51     AC:  5    Str: 15    XL:     7   Next: 42%
Magic:  13/13      EV: 12    Int: 18    God:
Gold:   275        SH:  0    Dex: 13    Spells: 13/14 levels left

rFire   + . .        k - +0 short sword
rCold   . . .        l - orb {light}
rNeg    . . .        C - +0 leather armour
rPois   .            (no helmet)
rElec   .            (no cloak)
rCorr   .            x - +0 pair of gloves
SInv    .            r - +0 pair of boots
Will    .....        (no amulet)
Stlth   +            w - +6 ring of strength
HPRegen 0.28/turn    y - ring of protection from fire
MPRegen 0.13/turn

%: no passive effects
@: glowing
A: hooves 1, demonic guardian 1, foul stench 1, weakness stinger 1
a: no special abilities


You were on level 5 of the Dungeon.
You visited 1 branch of the dungeon, and saw 5 of its levels.

You collected 275 gold pieces.

Inventory:

Hand Weapons
 k - a +0 short sword (weapon)
Missiles
 e - 8 poisoned darts
 n - 46 stones
 t - 5 silver boomerangs
 u - 4 atropa-tipped darts
 v - 3 datura-tipped darts
 A - 2 boomerangs
Armour
 l - an orb of light (worn)
 r - a +0 pair of boots (worn)
 x - a +0 pair of gloves (worn)
 C - a +0 leather armour (worn)
Jewellery
 w - a +6 ring of strength (left hand)
 y - a ring of protection from fire (right hand)
Scrolls
 c - a scroll of butterflies {unknown}
 g - a scroll of magic mapping {unknown}
 h - a scroll of enchant weapon {unknown}
 i - 3 scrolls of fear {unknown}
 j - 9 scrolls of identify {unknown}
 q - a scroll of fog {unknown}
 B - a scroll of brand weapon {unknown}
Potions
 b - a potion of magic
 d - 2 potions of brilliance
 f - a potion of ambrosia {unknown}
 m - 2 potions of might {unknown}
 o - 2 potions of attraction {unknown}
 p - a potion of mutation {unknown}
 s - a potion of heal wounds {unknown}
 z - 2 potions of degeneration {unknown}


   Skills:
 + Level 2.7 Fighting
 - Level 2.0 Throwing
 - Level 2.0 Armour
 - Level 2.0 Dodging
 - Level 3.0 Stealth
 * Level 4.4 Spellcasting
 * Level 6.4 Necromancy


You had 13 spell levels left.
You knew the following spells:

 Your Spells              Type           Power      Damage    Failure   Level
a - Necrotise             Necr           100%       1d9       1%          1

Your spell library contained the following spells:

 Spells                   Type           Power      Damage    Failure   Level
 Vampiric Draining        Necr           27%        2d7       3%          3
 Animate Dead             Necr           27%        N/A       12%         4
 Lesser Beckoning         Tloc           8%         N/A       26%         2
 Agony                    Necr           27%        N/A       32%         5
 Gell's Gravitas          Tloc           4%         N/A       45%         3
 Teleport Other           Tloc           4%         N/A       45%         3


Dungeon Overview and Level Annotations

Branches:
Dungeon (5/15) Zot: 25973  Temple (0/1) D:4

Altars:
Okawaru

Annotations:
D:5 Menkaure


Innate Abilities, Weirdness & Mutations

You have large cloven feet.
A weak demonic guardian rushes to your aid.
You may rarely emit foul miasma when damaged in melee.
You have a small tail.


Message History

The iguana writhes in agony.
The iguana writhes in agony.
The iguana writhes in agony!
The iguana writhes in agony.
You kill the iguana!
The dead are walking!
You can't see any susceptible monsters within range! (Use Z to cast anyway.)
You can't see any susceptible monsters within range! (Use Z to cast anyway.)
You can't see any susceptible monsters within range! (Use Z to cast anyway.)
Your iguana skeleton crumbles into dust!
Menkaure, Prince of Dust comes into view.
Menkaure shouts!
Menkaure moves out of view.
You can't see any susceptible monsters within range! (Use Z to cast anyway.)
You can't see any susceptible monsters within range! (Use Z to cast anyway.) Menkaure casts a spell at you.
Pain shoots through your body!
Menkaure mumbles some strange words.
Menkaure seems to speed up.
Menkaure calls on the powers of darkness!
Your body is wracked with pain!
You hit Menkaure but do no damage. Menkaure hits you but does no damage.
You hit Menkaure but do no damage. Menkaure hits you.
You hit Menkaure but do no damage.
Menkaure points at you and mumbles some strange words.
Pain shoots through your body!
* * * LOW HITPOINT WARNING * * *
You hit Menkaure.
Menkaure is lightly damaged.
Menkaure calls on the powers of darkness!
Your body is wracked with pain!
* * * LOW HITPOINT WARNING * * *
A demonic guardian appears!
You hit Menkaure.
Menkaure is lightly damaged.
Menkaure hits you.
* * * LOW HITPOINT WARNING * * *
Your quasit barely misses Menkaure. x2; Your quasit claws Menkaure.
Menkaure hits you!
You die...

# #. ...#..#######
#....M....5#
###..#####M# .... #@#
#### #.# #.####
#####....# ########
...........######.......
###.................####
#######.#####.....#
#.#####.....#
#...........####


You could see Menkaure (fast, ally target) and a friendly quasit (summoned).

Vanquished Creatures
  A black bear (D:3)
  2 ogres
  2 scorpions (D:4)
  A hound (D:5)
  An orc priest (D:4)
  Jessica (D:2)
  An iguana (D:5)
  4 gnolls (D:4)
  A shadow imp (D:5)
  A worm (D:4)
  2 orcs (D:4)
  2 endoplasms
  A giant cockroach (D:1)
  4 hobgoblins
  4 jackals (D:2)
  3 kobolds
  2 quokkas
  A bat (D:1)
  2 frilled lizards
  2 goblins
  A rat (D:2)
39 creatures vanquished.

Vanquished Creatures (collateral kills)
  Sigmund (D:2)
  An orc (D:4)
  A ball python (D:2)
3 creatures vanquished.

Grand Total: 42 creatures vanquished

Notes
Turn   | Place    | Note
-------+----------+-------------------------------------------
     0 | D:1      | SacredBeard the Demonspawn Necromancer began the quest for
                  | the Orb.
     0 | D:1      | Reached XP level 1. HP: 13/13 MP: 3/3
  1051 | D:2      | Gained mutation: You may rarely emit foul miasma when
                  | damaged in melee. [demonic ancestry]
  1051 | D:2      | Reached XP level 2. HP: 19/19 MP: 3/5
  1155 | D:2      | Noticed Jessica
  1159 | D:2      | Killed Jessica
  1160 | D:2      | Gained mutation: A weak demonic guardian rushes to your
                  | aid. [demonic ancestry]
  1160 | D:2      | Reached XP level 3. HP: 25/25 MP: 1/6
  1526 | D:2      | Noticed Sigmund
  1538 | D:2      | Killed Sigmund
  1539 | D:2      | Reached skill level 1 in Fighting
  1539 | D:2      | Reached skill level 1 in Throwing
  1539 | D:2      | Reached skill level 1 in Armour
  1539 | D:2      | Reached skill level 5 in Necromancy
  1539 | D:2      | Reached XP level 4. HP: 16/32 MP: 1/8
  1539 | D:2      | Reached XP level 5. HP: 19/37 MP: 1/9
  2209 | D:3      | Noticed a black bear
  2219 | D:3      | Killed a black bear
  2220 | D:3      | Discovered your monstrous ancestry.
  2220 | D:3      | Gained mutation: You have a small tail. [demonic ancestry]
  2220 | D:3      | Reached XP level 6. HP: 36/44 MP: 1/11
  2815 | D:4      | Found a staircase to the Ecumenical Temple.
  3124 | D:4      | Reached skill level 6 in Necromancy
  3124 | D:4      | Gained mutation: You have large cloven feet. [demonic
                  | ancestry]
  3124 | D:4      | Reached XP level 7. HP: 32/50 MP: 0/13
  3224 | D:4      | Found an iron altar of Okawaru.
  3673 | D:5      | Entered Level 5 of the Dungeon
  4013 | D:5      | Noticed Menkaure
  4028 | D:5      | Mangled by Menkaure

Illustrated notes

Levels and vault maps discovered:
D:1:      minmay_arrival_jagged, layout_basic
D:2:      layout_basic, uniq_jessica, uniq_sigmund
D:3:      layout_basic, minmay_misc_feat_ornament
D:4:      layout_rooms, okawaru_gym_becter, minmay_temple_entry_statues,
          serial_aquarium, aquarium_bridge_island_small
          [aquarium_subvault_small_open, aquarium_subvault_window,
          aquarium_subvault_wall, aquarium_subvault_bridge,
          aquarium_subvault_bridge], aquarium_window_fake, aquarium_window_2,
          aquarium_view_2c, aquarium_view_2b, aquarium_pool_four,
          minmay_crossroads
D:5:      layout_loops_ring, mainiacjoe_overflow_small_starburst,
          general_overflow_altar, kennysheep_another_room, uniq_menkaure

Skill      XL: |  1  2  3  4  5  6 |
---------------+-------------------+-----
Dodging        | 2 |  2.0
Stealth        | 2 3 |  3.0
Fighting       | 1 2 |  2.7
Throwing       | 1 2 |  2.0
Armour         | 1 2 |  2.0
Spellcasting   | 3 4 |  4.4
Necromancy     | 5 6 |  6.4

Action                     |  1- 3 |  4- 6 |  7- 9 || total
---------------------------+-------+-------+-------++-------
  Melee: Short sword       |     6 |     1 |    16 ||    23
         Tailslap          |       |       |     6 ||     6
   Cast: Necrotise         |    29 |    64 |    33 ||   126
 Armour: Robe              |     1 |     5 |     3 ||     9
         Leather armour    |       |       |     3 ||     3
  Dodge: Dodged            |     7 |    20 |    11 ||    38
